 Dungeon Crawl Stone Soup version 0.31-a0-889-g1a8549509d (webtiles) character file.

Game seed: 12244310141591051147

2083 D12ThenQuit the Slicer (level 9, -5/58 HPs)
             Began as an Octopode Fighter on Oct 17, 2023.
             Was a Follower of Okawaru.
             Slain by a hornet (13 damage)
             ... on level 8 of the Dungeon.
             The game lasted 00:17:23 (5279 turns).

D12ThenQuit the Slicer (Octopode Fighter)           Turns: 5279, Time: 00:17:23

Health: -5/58      AC:  1    Str: 15    XL:     9   Next: 27%
Magic:  12/12      EV: 17    Int: 10    God:    Okawaru [*.....]
Gold:   342        SH:  6    Dex: 16    Spells: 8/8 levels left

rFire   . . .        f - +3 dagger (protect)
rCold   . . .        g - +0 buckler
rNeg    + . .        (helmet restricted)
rPois   .            (no amulet)
rElec   .            h - ring of positive energy
rCorr   .            (no ring)
SInv    .            (no ring)
Will    .....        (no ring)
Stlth   +++++        (no ring)
HPRegen 0.29/turn    (no ring)
MPRegen 0.13/turn    (no ring)
                     (no ring)

%: no passive effects
@: lethally poisoned (-5 -> -15), heroic, slowed, very slow
A: almost no armour, amphibious, 8 rings, camouflage 1, gelatinous body 1,
(nimble swimmer 1), tentacles
a: Renounce Religion, Heroism


You were on level 8 of the Dungeon.
You worshipped Okawaru.
Okawaru was aware of your devotion.
You visited 3 branches of the dungeon, and saw 10 of its levels.
You also visited: Sewer.

You collected 342 gold pieces.

Inventory:

Hand Weapons
 a - a +0 rapier
 b - a +0 sling
 f - a +3 dagger of protection (weapon)
Missiles
 j - 9 poisoned darts (quivered)
 n - 2 throwing nets
Armour
 g - a +0 buckler (worn)
 x - the orb of the Realm of Zot {guile, rPois}
   (You found it on level 6 of the Dungeon)

   rPois:     It protects you from poison
Jewellery
 h - a ring of positive energy (left tentacle)
 s - a ring of ice
 y - a ring of fire
Wands
 c - a wand of paralysis (11)
Scrolls
 d - 3 scrolls of enchant weapon
 e - 4 scrolls of teleportation
 k - a scroll of torment
 l - 2 scrolls of revelation {unknown}
 o - 3 scrolls of fear {unknown}
 p - a scroll of vulnerability
 t - a scroll of amnesia {unknown}
 z - a scroll of poison {unknown}
Potions
 m - 3 potions of invisibility {unknown}
 r - 2 potions of curing {unknown}
 u - a potion of haste {unknown}
 v - a potion of enlightenment {unknown}
 w - 2 potions of brilliance {unknown}
 A - 2 potions of berserk rage {unknown}


   Skills:
 + Level 4.3(9.3) Fighting
 - Level 10.0(15.0) Short Blades
 + Level 4.2(9.2) Dodging
 - Level 5.0(10.0) Stealth
 - Level 3.0(8.0) Shields
 + Level 4.0 Invocations


You had 8 spell levels left.
You didn't know any spells.
Your spell library contained the following spells:

 Spells                   Type           Power      Damage    Failure   Level
 Frozen Ramparts          Ice            0%         1d1       80%         3
 Inner Flame              Hex/Fire       0%         N/A       80%         3
 Flame Wave               Conj/Fire      0%         2d4       99%         4
 Petrify                  Tmut/Erth      0%         N/A       99%         4
 Sticky Flame             Conj/Fire      0%         2d3       99%         4
 Metabolic Englaciation   Hex/Ice        0%         N/A       100%        5
 Chain Lightning          Conj/Air       0%         N/A       100%        9
 Fire Storm               Conj/Fire      0%         5d1       100%        9
 Shatter                  Erth           0%         3d5*      100%        9


Dungeon Overview and Level Annotations

Branches:
Dungeon (8/15)             Temple (1/1) D:5            Lair (1/5) D:8
  Sewer (visited)

Altars:
Cheibriados
Dithmenos
Elyvilon
Fedhas
Gozag
Hepliaklqana
Kikubaaqudgha
Makhleb
Nemelex Xobeh
Okawaru
Qazlal
Ru
Sif Muna
Trog
Uskayaw
Vehumet
Wu Jian
Xom
Yredelemnul
Zin
The Shining One
Lugonu

Annotations:
D:3 Ijyb
D:4 Dowan
D:5 Grinder
D:6 Sigmund
D:7 Maggie


Innate Abilities, Weirdness & Mutations

You cannot wear most types of armour.
You are amphibious.
You can wear up to eight rings at the same time.
Your skin changes colour to match your surroundings (Stealth+).
Your rubbery body absorbs attacks. (AC +1, EV +1)
((You are camouflaged when in or above water. (Stealth+)))
You have tentacles for arms and can constrict up to eight enemies at once.


Message History

You feel very sick. The hornet stings you.
You feel as though you will be slow longer.
You feel very sick. The hornet stings you!
* * * LOW HITPOINT WARNING * * *
You feel as though you will be slow longer.
The hornet stings you.
* * * LOW HITPOINT WARNING * * *
You are more poisoned.
You feel as though you will be slow longer.
You can move again.
Unknown command.
Okay, then.
Okay, then.
You feel much better.
You feel extremely sick. The hornet barely misses you. The hornet misses you.
Unknown command.
Blink to where?
Press: ? - help, Dir - move target, p - hornet
As you read the scroll of blinking, it crumbles to dust.
You feel very sick.
Aiming: Paralyse
Press: ? - help, Shift-Dir - straight line, f - hornet
Aim: a hornet (moderately wounded, chance to affect: 39%)
The hornet suddenly stops moving!
You feel very sick.
You feel very sick.
You feel sick.
You feel sick.
You feel sick.
You feel yourself speed up.
You feel sick.
You are no longer poisoned.
The hornet is no longer paralysed.
The hornet stings you.
* * * LOW HITPOINT WARNING * * *
You are lethally poisoned!
You feel yourself slow down. The hornet stings you!
You die...

#...#...<..#.....# #.#.
#...#......#....# #...
#####.####P.(.#.....# #...
#(.#..#.)#.(.......######...
#..'..')[#......#..###....).
####..#'###.......###..##.##
.##+##.....#)..#...............##
........#'##...'y..........##....
###..##'#..#'###@........#####...
..####..#.†#..+...#..............
.)'.)).)####..#...........#####.#
###).#.)#..#.)'.........#######.#
..##'####..####...#.....# ##.....
..................#.....###......
........................##.......
#..##..............>.............
..........##...###.#######.......


You could see a hornet.

Vanquished Creatures
  2 yaks (D:8)
  Menkaure (D:4)
  A water moccasin (D:7)
  Pargi (Sewer)
  An orc warrior (D:6)
  A sky beast (D:7)
  An ogre (D:6)
  A centaur (D:7)
  A phantom (D:5)
  Blork the orc (D:4)
  A bullfrog (D:6)
  3 scorpions
  A howler monkey (D:6)
  2 hounds
  2 jellies (D:6)
  A gnoll bouda (D:6)
  2 orc priests
  An iguana (D:5)
  2 sleepcaps (D:7)
  Terence (D:3)
  3 orc wizards
  10 gnolls
  10 adders
  2 shadow imps
  A white imp (D:7)
  2 dart slugs
  18 orcs
  3 bats
  3 endoplasms
  3 giant cockroaches
  7 goblins
  9 hobgoblins
  14 jackals
  14 kobolds
  3 quokkas
  5 ball pythons
  3 frilled lizards
  13 rats
  2 rat zombies (D:8)
152 creatures vanquished.

Vanquished Creatures (others)
  An orc (D:8)
  A kobold (D:7)
2 creatures vanquished.

Grand Total: 154 creatures vanquished

Notes
Turn   | Place    | Note
-------+----------+-------------------------------------------
     0 | D:1      | D12ThenQuit the Octopode Fighter began the quest for the
                  | Orb.
     0 | D:1      | Reached XP level 1. HP: 16/16 MP: 1/1
   115 | D:1      | Reached skill level 1 in Stealth
   120 | D:1      | Reached XP level 2. HP: 21/21 MP: 2/2
   503 | D:1      | Reached XP level 3. HP: 26/26 MP: 3/3
   942 | D:2      | Reached skill level 3 in Short Blades
  1117 | D:3      | Found a glowing drain.
  1188 | Sewer    | Entered a sewer
  1229 | Sewer    | Noticed Pargi
  1236 | Sewer    | Killed Pargi
  1237 | Sewer    | Reached skill level 4 in Short Blades
  1237 | Sewer    | Reached XP level 4. HP: 30/31 MP: 4/4
  1237 | Sewer    | Reached XP level 5. HP: 35/36 MP: 5/5
  1387 | D:3      | Found a snail-covered altar of Cheibriados.
  1389 | D:3      | Noticed Ijyb
  1413 | D:3      | Reached skill level 5 in Stealth
  1434 | D:4      | Found a sparkling altar of Nemelex Xobeh.
  1632 | D:4      | Found a basalt altar of Yredelemnul.
  1677 | D:3      | Reached XP level 6. HP: 42/42 MP: 6/6
  1689 | D:3      | Noticed Terence
  1698 | D:3      | Killed Terence
  1699 | D:3      | Reached skill level 5 in Short Blades
  1884 | D:3      | Found a hide-covered altar of Uskayaw.
  2157 | D:4      | Noticed Menkaure
  2165 | D:4      | Killed Menkaure
  2166 | D:4      | Reached skill level 6 in Short Blades
  2168 | D:4      | Reached XP level 7. HP: 35/46 MP: 7/7
  2299 | D:4      | Noticed Dowan
  2377 | D:4      | Found Jicuphew's CLEARANCE SALE!.
  2378 | D:4      | Noticed Blork the orc
  2382 | D:4      | Killed Blork the orc
  2383 | D:4      | Reached skill level 7 in Short Blades
  2506 | D:5      | Entered Level 5 of the Dungeon
  2547 | D:5      | Found a blossoming altar of Fedhas.
  2548 | D:5      | Found a glowing silver altar of Zin.
  2549 | D:5      | Found a sacrificial altar of Ru.
  2754 | D:5      | Found a staircase to the Ecumenical Temple.
  2770 | Temple   | Entered the Ecumenical Temple
  2784 | Temple   | Became a worshipper of Warmaster Okawaru
  2831 | D:5      | Noticed Grinder
  2852 | D:5      | Reached skill level 8 in Short Blades
  2936 | D:5      | Reached XP level 8. HP: 52/52 MP: 8/8
  2950 | D:5      | Identified the +5 spear "Mas Hoosh" {vamp, Dex+3}
  3346 | D:6      | Found a hazy altar of Hepliaklqana.
  3350 | D:6      | Noticed Sigmund
  3408 | D:6      | Reached * piety under Okawaru
  3409 | D:6      | Reached skill level 9 in Short Blades
  3524 | D:6      | Reached skill level 1 in Invocations
  3757 | D:6      | Found an opulent altar of Gozag.
  3764 | D:6      | Found an opulent altar of Gozag.
  3764 | D:6      | Found an opulent altar of Gozag.
  3771 | D:6      | Found an opulent altar of Gozag.
  3850 | D:6      | Identified the orb of the Realm of Zot {guile, rPois}
  4029 | D:6      | Paralysed by Sigmund for 4 turns
  4071 | D:7      | Found a shimmering altar of Xom.
  4301 | D:7      | Found a stormy altar of Qazlal.
  4328 | D:7      | Noticed Maggie
  4584 | D:7      | Reached XP level 9. HP: 57/57 MP: 8/11
  4714 | D:8      | Noticed a hornet
  4876 | D:8      | Found an ancient bone altar of Kikubaaqudgha.
  5025 | D:8      | Found a staircase to the Lair.
  5078 | Lair:1   | Entered Level 1 of the Lair of Beasts
  5091 | D:8      | Reached skill level 10 in Short Blades
  5269 | D:8      | Paralysed by a hornet for 2 turns
  5279 | D:8      | Slain by a hornet

Illustrated notes

Levels and vault maps discovered:
D:1:      lightli_arrival_statue_moat, layout_rooms, serial_forest,
          infiniplex_forest_straight_3, infiniplex_forest_clump_cross,
          infiniplex_forest_end_2, infiniplex_forest_fountain,
          infiniplex_forest_clump_diagonal, bh_walls_and_bars
D:2:      layout_rooms
D:3:      layout_basic, mainiacjoe_overflow_small_starburst, lemuel_round_altar,
          portal_sewer_entry_e, kennysheep_generic_room_7, uniq_terence,
          uniq_ijyb
D:4:      layout_gridville, lemuel_crystal_altar, general_overflow_altar,
          nicolae_shop_clearance, uniq_duvessa, uniq_menkaure,
          uniq_blork_the_orc
D:5:      layout_basic, chequers_temple_overflow_statue_of_worship,
          minmay_temple_entry_waves, uniq_grinder
D:6:      layout_cave_pools, nicolae_gozag_conspicuous_consumption,
          mainiacjoe_overflow_chevrons, uniq_sigmund
D:7:      layout_basic, old_standard_altar, nicolae_qazlal_scattered_showers,
          uniq_maggie
D:8:      corexii_shantytown, layout_rooms, lemuel_zombie_altar_kikubaaqudgha,
          lair_entry_dummy, nicolae_have_a_lightning_rod
Temple:   kb_corrupted_temple
Lair:1:   layout_regular_city, ebering_ghost_disaster_area, uniq_amaemon

Skill      XL: |  1  2  3  4  5  6  7  8  9 |
---------------+----------------------------+-----
Stealth        | 1 2 4 5 |  5.0
Short Blades   | 4 6 8 9 10 | 10.0
Invocations    | 3 4 |  4.0
Fighting       | 4 |  4.3
Dodging        | 4 |  4.2
Shields        | |  3.0

Action                     |  1- 3 |  4- 6 |  7- 9 || total
---------------------------+-------+-------+-------++-------
  Melee: Rapier            |    34 |       |       ||    34
         Constrict         |    13 |    23 |    33 ||    69
         Tentacles         |     7 |    23 |    55 ||    85
         Punch             |     1 |     2 |     3 ||     6
         Dagger            |    28 |    96 |   188 ||   312
  Throw: Dart              |       |       |    13 ||    13
 Invoke: Heroism           |       |       |     3 ||     3
  Evoke: Wand              |       |       |     2 ||     2
    Use: Scroll            |       |     4 |     6 ||    10
         Potion            |       |     1 |     1 ||     2
   Stab: Sleeping          |    16 |    12 |    18 ||    46
         Distracted        |       |       |     1 ||     1
 Armour: Skin              |    14 |    19 |    44 ||    77
  Dodge: Dodged            |    14 |    40 |    67 ||   121
  Block: Buckler           |     7 |     9 |    13 ||    29

Table legend: (Time is in decaauts)
 A = Elapsed time spent in this place.
 B = Non-inter-level travel time spent in this place.
 C = Inter-level travel time spent in this place.
 D = Time resting spent in this place.
 E = Time spent auto-exploring this place.
 F = Levels seen in this place.
 G = Mean time per level.
                   A        B        C        D        E       F      G
               +--------+--------+--------+--------+--------+-----+--------+
         Total |   5190 |   4978 |    212 |    459 |   1913 |  11 |  471.8 |
       Dungeon |   5034 |   4848 |    186 |    459 |   1911 |   8 |  629.2 |
        Temple |     28 |      2 |     26 |      0 |      0 |   1 |   28.0 |
          Lair |      6 |      6 |      0 |      0 |      0 |   1 |    6.0 |
         Sewer |    120 |    120 |      0 |      0 |      2 |   1 |  120.0 |
               +--------+--------+--------+--------+--------+-----+--------+

Top non-repeatable levels by time:
     D:6: 795 daAuts
     D:4: 741 daAuts
     D:5: 670 daAuts
     D:7: 665 daAuts
     D:1: 659 daAuts
     D:8: 541 daAuts
     D:3: 507 daAuts
     D:2: 452 daAuts
   Sewer: 120 daAuts
  Temple: 28 daAuts
  Lair:1: 6 daAuts
